 Dungeon Crawl Stone Soup version 0.20-a0-1116-gaa52201 (webtiles) character file.

63 MirrMurr the Ducker (level 3, -3/19 HPs)
             Began as a Spriggan Berserker on May 9, 2017.
             Was a Believer of Trog.
             Killed by nerve-wracking pain
             ... invoked by a shadow imp
             ... summoned by Natasha
              (14 damage)
             ... on level 2 of the Dungeon.
             The game lasted 00:03:46 (1407 turns).

MirrMurr the Ducker (Spriggan Berserker)            Turns: 1407, Time: 00:03:47

Health: -3/19      AC:  2    Str: 14    XL:     3   Next: 87%
Magic:  4/4        EV: 19    Int:  8    God:    Trog [**....]
Gold:   47         SH:  0    Dex: 15    Spells: 2/2 levels left

rFire    . . .     SeeInvis +   a - +0 spear
rCold    . . .     Gourm    .   (shield restricted)
rNeg     . . .     Faith    .   f - +0 robe
rPois    .         Spirit   .   (helmet restricted)
rElec    .         Reflect  .   (no cloak)
rCorr    .         Harm     .   (gloves unavailable)
MR       .....                  (boots unavailable)
Stlth    +.........             (no amulet)
Regen    0.1/turn               e - ring of flight
MPRegen  0.1/turn               (no ring)

@: very quick
A: unfitting armour, see invisible, herbivore 3, speed 3, slow metabolism 2
a: Berserk, Trog's Hand, Burn Spellbooks, Renounce Religion, Evoke Flight


You were on level 2 of the Dungeon.
You worshipped Trog.
Trog was pleased with you.
You were not hungry.

You visited 1 branch of the dungeon, and saw 3 of its levels.

You collected 47 gold pieces.

Inventory:

Hand Weapons
 a - a +0 spear (weapon)
Missiles
 i - 27 stones (quivered)
Armour
 f - a +0 robe (worn)
Jewellery
 e - a ring of flight (left hand)
Scrolls
 h - a scroll of recharging {unknown}
Potions
 d - a potion of mutation
Comestibles
 c - a bread ration


   Skills:
 - Level 2.4 Fighting
 + Level 3.6 Polearms
 - Level 4.4 Dodging


You had 2 spell levels left.
You didn't know any spells.

Dungeon Overview and Level Annotations

Branches:
Dungeon (3/15)

Altars:
Nemelex Xobeh

Annotations:
D:2 Natasha


Innate Abilities, Weirdness & Mutations

You are very small and have problems with some larger weapons.
You are too small for most types of armour.
You have supernaturally acute eyesight. (SInv)
You are a herbivore.
You cover ground extremely quickly.
You need consume almost no food.


Message History

No target in view!
Natasha casts a spell.
Things that are here:
a club; a hobgoblin corpse The rat closely misses you.
You see here a tiny lapis lazuli amulet.
You hit the rat.
You kill the rat!
Trog accepts your kill.
Natasha stares at you and mumbles some strange words.
The magic dart hits you!
Attack whom?
Press: ? - help, Dir - move target cursor, f - shadow imp
Aim: a shadow imp (summoned)
You reach to attack!
You hit the shadow imp.
The shadow imp is moderately wounded.
The shadow imp gestures at you. Pain shoots through your body!
Ouch! That really hurt!
You die...

.......<# ####.$..)#
........## ####.w.##
#h.# #.5# #..#########
#.####..##......#
#.....@")!.....(#
######..##.#..†(#######
#...⌠.⌠..#........
##..._..##########
#.#⌠.⌠.# #.##...#
..##...# #######...#
..# #...##########


You could see a worm, Natasha and a shadow imp.

Vanquished Creatures
  Robin (D:2)
  2 dart slugs
  A leopard gecko (D:2)
  2 orcs (D:3)
  11 goblins
  8 hobgoblins
  3 bats (D:1)
  3 frilled lizards
  4 kobolds
  6 rats
41 creatures vanquished.

Notes
Turn   | Place    | Note
-------+----------+-------------------------------------------
     0 | D:1      | MirrMurr the Spriggan Berserker began the quest for the Orb.
     0 | D:1      | Reached XP level 1. HP: 11/11 MP: 2/2
   307 | D:1      | Reached XP level 2. HP: 16/16 MP: 3/3
   556 | D:1      | You fall through a shaft!
   564 | D:2      | You fall through a shaft!
   565 | D:3      | @> TWICE????
  1112 | D:2      | Reached XP level 3. HP: 19/19 MP: 4/4
  1122 | D:2      | Noticed Natasha
  1248 | D:2      | Noticed Robin
  1285 | D:2      | Reached ** piety under Trog
  1296 | D:2      | Killed Robin
  1370 | D:2      | Found a sparkling altar of Nemelex Xobeh.
  1407 | D:2      | Killed from afar by a shadow imp

Vault maps used:
D:1:      lemuel_arrival_cross
D:2:      nemelex_xobeh_ov_fountains_minmay, marbit_many_paths,
          overflow_temple_1_default, uniq_sigmund, uniq_jessica, uniq_natasha,
          uniq_robin
D:3:      first_bread, uniq_crazy_yiuf_cottage

Skill      XL: |  1  2 |
---------------+-------+-----
Polearms       | 3 |  3.6
Fighting       | |  2.4
Dodging        | |  4.4

Action                   || total
-------------------------++-------
Melee: Spear             ||   159
Invok: Berserk           ||     1
  Use: Scroll            ||     3
 Stab: Sleeping          ||     2
Armor: Animal skin       ||     2
       Robe              ||     4
Dodge: Dodged            ||    67
